 Dungeon Crawl Stone Soup version 0.21-a0-396-ga924934 (webtiles) character file.

318 Humpert the Skirmisher (level 6, -2/40 HPs)
             Began as a Gargoyle Fighter on Oct 19, 2017.
             Slain by a bullfrog (5 damage)
             ... in a sewer.
             The game lasted 00:09:00 (3691 turns).

Humpert the Skirmisher (Gargoyle Fighter)           Turns: 3691, Time: 00:09:00

Health: -2/40      AC: 11    Str: 21    XL:     6   Next: 45%
Magic:  6/6        EV: 14    Int: 13    God:
Gold:   105        SH:  0    Dex: 15    Spells: 5/5 levels left

rFire    . . .     SeeInvis .   a - +0 flail
rCold    . . .     Gourm    .   (no shield)
rNeg     + . .     Faith    .   b - +0 scale mail
rPois    ∞         Spirit   .   (no helmet)
rElec    +         Reflect  .   (no cloak)
rCorr    .         Harm     .   (no gloves)
MR       .....                  (no boots)
Stlth    +.........             (no amulet)
HPRegen  0.13/turn              (no ring)
MPRegen  0.10/turn              (no ring)

@: brilliant, agile, hasted, quick
A: negative energy resistance 1, electricity resistance, unbreathing,
petrification resistance, rot immunity, AC +4
a: no special abilities


You were in a sewer.
You were hungry.

You visited 1 branch of the dungeon, and saw 3 of its levels.
You also visited: Sewer.

You collected 105 gold pieces.

Inventory:

Hand Weapons
 a - a +0 flail (weapon)
Armour
 b - a +0 scale mail (worn)
 c - a +1 shield
 p - a +0 pair of boots
Jewellery
 n - an uncursed amulet of magic regeneration {unknown}
 o - a +5 amulet of reflection {unknown}
Scrolls
 e - 2 scrolls of recharging
 k - 5 scrolls of magic mapping
 l - 4 scrolls of identify
Comestibles
 f - 4 bread rations
 i - 6 fruits
 m - a meat ration


   Skills:
 + Level 4.8 Fighting
 + Level 3.5 Maces & Flails
 + Level 4.8 Armour
 + Level 4.7 Shields


You had 5 spell levels left.
You didn't know any spells.

Dungeon Overview and Level Annotations

Branches:
Dungeon (3/15)

Altars:


Innate Abilities, Weirdness & Mutations

You are resistant to torment.
Your stone body is resilient. (AC +4)
You are immune to poison.
You resist negative energy. (rN+)
You are resistant to electric shocks. (rElec)
You can survive without breathing.
You are immune to petrification.
You are immune to rotting.


Message History

The bullfrog misses you. The bullfrog completely misses you.
It was a potion of brilliance.
You feel clever all of a sudden. The bullfrog closely misses you.
The frilled lizard completely misses you.
The bullfrog closely misses you.
It was a potion of haste.
You feel yourself speed up. The bullfrog completely misses you.
The bullfrog hits you.
* * * LOW HITPOINT WARNING * * *
The frilled lizard closely misses you.
The bullfrog hits you but does no damage.
The bullfrog closely misses you. The bullfrog hits you.
* * * LOW HITPOINT WARNING * * *
The bullfrog hits you but does no damage.
The bullfrog hits you but does no damage.
The bullfrog misses you. The bullfrog barely misses you.
The bullfrog hits you but does no damage.
The bullfrog hits you.
You die...

####...####
####.........####
##...............##
#.........#.†.....#
##......##'##......#
#......##÷.###......#
#....≈###..# #.≈.≈.##
#≈≈≈≈≈≈##### #≈≈≈≈≈≈#
#≈≈≈@≈≈# #≈≈≈≈≈≈#
#≈≈lF≈≈# #≈≈≈≈≈≈#
#≈≈≈F≈≈# #≈≈≈≈≈≈#
#≈≈≈≈≈≈# #≈≈≈≈≈≈#
#≈#J≈≈≈# ##†r†.≈#
#≈≈≈≈≈≈# #≈≈rrr.#
#≈.†≈≈≈# ##≈r.≈≈#
#≈†≈≈≈≈# #≈≈≈≈≈≈#
#≈≈≈≈≈≈# #≈≈≈≈≈≈#


You could see 2 bullfrogs, an ooze and a frilled lizard.

Vanquished Creatures
  The ghost of anet the Magician, an amateur DEWz (Sewer)
  9 adders
  5 river rats (Sewer)
  3 oozes
  A worm (D:2)
  2 dart slugs (D:1)
  2 leopard geckos (D:1)
  7 ball pythons (Sewer)
  4 bats
  4 giant cockroaches
  6 goblins
  5 hobgoblins
  5 kobolds (D:1)
  6 frilled lizards
  20 rats
80 creatures vanquished.

Notes
Turn   | Place    | Note
-------+----------+-------------------------------------------
     0 | D:1      | Humpert the Gargoyle Fighter began the quest for the Orb.
     0 | D:1      | Reached XP level 1. HP: 14/14 MP: 1/1
   280 | D:1      | Reached XP level 2. HP: 19/19 MP: 2/2
   813 | D:1      | Reached XP level 3. HP: 24/24 MP: 3/3
  2382 | D:3      | Found a glowing drain.
  2391 | D:3      | Reached XP level 4. HP: 26/29 MP: 4/4
  2505 | Sewer    | Entered a sewer
  2688 | Sewer    | Noticed anet's ghost (amateur DEWz)
  2720 | Sewer    | Killed anet's ghost
  2720 | Sewer    | Reached XP level 5. HP: 19/34 MP: 5/5
  2992 | Sewer    | Reached XP level 6. HP: 36/39 MP: 6/6
  3691 | Sewer    | Slain by a bullfrog

Vault maps used:
D:1:      dpeg_arrival_concentric_ovals
D:3:      gup_sewer_entry_glass, first_bread, elyvilon_altar_3
Sewer:    sewer_minmay_w

Skill      XL: |  1  2  3  4 |
---------------+-------------+-----
Shields        | 4 |  4.7
Fighting       | 4 |  4.8
Armour         | 4 |  4.8
Maces & Flails | 3 |  3.5

Action                   |  1- 3 |  4- 6 || total
-------------------------+-------+-------++-------
Melee: Flail             |   114 |   243 ||   357
  Use: Scroll            |     4 |     3 ||     7
       Potion            |       |     8 ||     8
  Eat: Chunk             |     4 |     5 ||     9
Armor: Scale mail        |    76 |   269 ||   345
Dodge: Dodged            |    59 |   316 ||   375

Table legend:
 A = Spawn XP
 B = Non-spawn XP
 C = Spawn XP percentage of total XP
 D = Spawn monster count
 E = Non-spawn monster count
 F = Spawn count percentage of total count
 G = Total turns spent on level
                    A         B        C        D         E        F      G
               +---------+---------+-------+---------+---------+-------+---------
         Total |       0 |     455 |   0.0 |       0 |      80 |   0.0 |  3691
               +---------+---------+-------+---------+---------+-------+---------
           D:1 |       0 |      44 |   0.0 |       0 |      19 |   0.0 |  1058
           D:2 |       0 |      35 |   0.0 |       0 |      12 |   0.0 |  1271
           D:3 |       0 |      24 |   0.0 |       0 |       7 |   0.0 |   176
         Sewer |       0 |     352 |   0.0 |       0 |      42 |   0.0 |  1186
               +---------+---------+-------+---------+---------+-------+---------
